 Dungeon Crawl Stone Soup version 0.30-a0-912-ge10d75a (webtiles) character file.

Game seed: 12835003180005471067

8723 Illumine the Slicer (level 11, -2/58 HPs)
             Began as a Vine Stalker Fighter on Mar 18, 2023.
             Was a High Priest of Wu Jian.
             Slain by an orc warrior
             ... wielding a +0 war axe
              (10 damage)
             ... in a bailey.
             The game lasted 00:20:49 (8690 turns).

Illumine the Slicer (Vine Stalker Fighter)          Turns: 8690, Time: 00:20:50

Health: -2/58      AC:  6    Str: 23    XL:     11   Next: 35%
Magic:  0/29       EV: 13    Int:  8    God:    Wu Jian [*****.]
Gold:   277        SH:  0    Dex: 17    Spells: 20/20 levels left

rFire   . . .      SeeInvis .    a - +7 dagger "Xom's Recklessness" {heavy, rC++ Str+3}
rCold   + + .      Faith    +    (no shield)
rNeg    . . .      Spirit   +    E - +0 acid dragon scales
rPois   .          Reflect  .    (no helmet)
rElec   .          Rampage  .    J - scarf {repulsion}
rCorr   +                        (no gloves)
Will    +....                    (no boots)
Stlth   +++                      e - amulet of faith
HPRegen 1.09/turn                D - ring of wizardry
MPRegen 0.21/turn                M - ring of magical power

@: marked, repel missiles
A: fangs 3, regeneration 1, magic shield, antimagic bite, no potion heal 2
a: Renounce Religion, Wall Jump, Serpent's Lash, Heavenly Storm


You were in a bailey.
You worshipped Wu Jian.
Wu Jian was extremely pleased with you.
You visited 1 branch of the dungeon, and saw 10 of its levels.
You also visited: Sewer, Ossuary and Bailey.

You collected 687 gold pieces.
You spent 410 gold pieces at shops.

Inventory:

Hand Weapons
 a - the +7 dagger "Xom's Recklessness" (weapon) {heavy, rC++ Str+3}
   (You bought it in a shop on level 3 of the Dungeon)

   Str:       It affects your strength (+3).
   rC:        It greatly protects you from cold.
 b - the +9 arbalest of Courage {flame, *Corrode Int+3 Dex+2 Stlth+}
   (You took it off a kobold in a bailey)

   Int:       It affects your intelligence (+3).
   Dex:       It affects your dexterity (+2).
   *Corrode:  It may corrode you when you take damage.
   Stlth:     It makes you more stealthy.
 i - the +6 dagger "Zuiroerri" {flame, Drain rN+ Will+}
   (You found it on level 2 of the Dungeon)

   rN:        It protects you from negative energy.
   Drain:     It drains your maximum health when unequipped.
   Will:      It increases your willpower.
 C - a +0 rapier
 K - a +1 scimitar of flaming
 N - a +1 long sword of freezing
Missiles
 v - 50 poisoned darts
 O - 16 boomerangs (quivered)
Armour
 p - a +0 kite shield
 E - +0 acid dragon scales (worn)
 J - a scarf of repulsion (worn)
 P - a +0 scale mail
Jewellery
 e - an amulet of faith (around neck)
 D - a ring of wizardry (left hand)
 L - a ring of ice
 M - a ring of magical power (right hand)
Scrolls
 c - a scroll of poison {unknown}
 j - 2 scrolls of teleportation
 q - 5 scrolls of magic mapping
 r - a scroll of summoning {unknown}
 s - 2 scrolls of enchant armour {unknown}
 t - a scroll of brand weapon {unknown}
 u - a scroll of acquirement {unknown}
 w - 2 scrolls of enchant weapon
 x - 3 scrolls of silence
 y - a scroll of fog {unknown}
 B - 3 scrolls of vulnerability {unknown}
 H - a scroll of blinking {unknown}
 I - 2 scrolls of fear {unknown}
Potions
 d - 7 potions of might
 f - 4 potions of mutation
 g - 4 potions of attraction
 h - 6 potions of cancellation
 k - 3 potions of invisibility
 l - 2 potions of flight
 m - 2 potions of resistance
 n - 5 potions of curing
 o - 7 potions of brilliance {unknown}
 z - 2 potions of magic {unknown}
 A - a potion of haste {unknown}
 F - 2 potions of degeneration {unknown}
 G - 2 potions of lignification {unknown}


   Skills:
 + Level 6.8 Fighting
 - Level 10.0 Short Blades
 * Level 1.1 Ranged Weapons
 + Level 3.0 Armour
 + Level 4.2 Dodging
 - Level 6.0 Stealth
 - Level 7.3 Shields
 + Level 5.4 Spellcasting


You had 20 spell levels left.
You didn't know any spells.
Your spell library contained the following spells:

 Spells                   Type           Power      Damage    Failure   Level
 Apportation              Tloc           4%         N/A       12%         1
 Kiss of Death            Conj/Necr      8%         2d6       12%         1
 Necrotise                Necr           8%         1d4       12%         1
 Summon Small Mammal      Summ           8%         N/A       12%         1
 Confusing Touch          Hex            2%         N/A       34%         3
 Dispel Undead            Necr           2%         3d7       73%         4
 Olgreb's Toxic Radiance  Pois           2%         N/A       73%         4
 Ozocubu's Refrigeration  Ice            1%         4d7       100%        7
 Ignition                 Fire           1%         3d3       100%        8


Dungeon Overview and Level Annotations

Branches:
Dungeon (10/15)            Temple (0/1) D:7            Lair (0/5) D:9
  Sewer (visited)         Ossuary (visited)          Bailey (1/1)
    Orc: D:9-12

Altars:
Ashenzari
Elyvilon
Fedhas
Gozag
Hepliaklqana
Makhleb
Nemelex Xobeh
Okawaru
Sif Muna
Trog
Uskayaw
Vehumet
Wu Jian
Xom
Yredelemnul
The Shining One

Shops:
D:3 [(:*?


Innate Abilities, Weirdness & Mutations

You have razor-sharp teeth.
Your natural rate of healing is unusually fast.
When hurt, damage is shared between your health and your magic reserves.
Your bite disrupts and absorbs the magic of your enemies.
Potions cannot restore your health.


Message History

The orc warrior is lightly wounded.
You hit the orc warrior.
The orc warrior is severely wounded.
The orc warrior hits you with a +0 broad axe.
The orc barely misses you.
The orc warrior hits you with a +0 war axe!
* * * LOW HITPOINT WARNING * * *
You closely miss the orc warrior. Your bite misses the orc warrior.
The orc warrior is severely wounded.
The orc warrior closely misses you. The orc hits you but does no damage.
The orc warrior hits you with a +0 war axe!
* * * LOW HITPOINT WARNING * * *
You hit the orc warrior. You bite the orc warrior.
You kill the orc warrior!
The Council accepts your kill. The orc closely misses you.
The orc warrior hits you but does no damage.
Your Armour skill increases to level 3!
You hit the orc warrior but do no damage.
The orc warrior is lightly wounded.
You completely miss the orc warrior.
You bite the orc warrior, but do no damage.
The orc warrior is lightly wounded.
The hobgoblin hits you with a +0 hand axe!
* * * LOW HITPOINT WARNING * * *
The orc hits you but does no damage. The orc warrior closely misses you.
You barely miss the orc. Your bite misses the orc.
The hobgoblin hits you but does no damage.
The orc barely misses you. The orc warrior closely misses you.
You hit the orc. You bite the orc.
You kill the orc!
The Council accepts your kill. The hobgoblin barely misses you.
The orc warrior closely misses you.
You puncture the hobgoblin!
You kill the hobgoblin!
The Council accepts your kill.
You hit the orc warrior. Your bite misses the orc warrior.
The orc warrior is lightly wounded.
The orc warrior hits you with a +0 war axe!
You die...

####.)....∩..#
####..)..........##
###...).....≈≈≈≈≈≈≈≈#
##.......~≈≈≈≈≈≈≈≈≈≈≈≈≈
##......~≈≈≈≈#########≈≈≈
#....~≈≈≈≈≈≈∩#gg.[...#∩≈≈
≈≈≈≈≈≈~≈≈†####...)...# ##
≈≈≈≈≈..†..#..####)####..
##......###....)@o......
###.....#.'..####)####..
#.......###..# ...
.....⌠....#..# [...#
#.........#'## .!..#
##........)..#########
####.............
#############.


You could see an orc warrior.

Vanquished Creatures
  Erica (D:8)
  3 two-headed ogres
  An orc knight (Bailey)
  Joseph (D:8)
  A gargoyle (D:10)
  A kobold demonologist (D:9)
  A troll (D:9)
  A steam dragon (D:9)
  3 wargs (D:9)
  2 acid dragons
  A water moccasin (D:8)
  Duvessa (D:5)
  4 orc warriors
  A black bear (D:4)
  3 ice beasts
  A centaur (D:9)
  2 ogres
  2 phantoms
  5 bullfrogs
  6 kobold brigands
  7 scorpions
  Dowan (D:5)
  3 wights (D:9)
  3 killer bees (D:9)
  A howler monkey (D:9)
  6 hounds
  2 jellies (D:6)
  7 orc priests
  3 sleepcaps
  Jessica (D:3)
  A scorpion zombie (D:4)
  8 orc wizards
  3 iguanas
  8 mummies (Ossuary)
  A howler monkey zombie (D:4)
  2 gnolls (Bailey)
  9 adders
  4 river rats
  A shadow imp (D:5)
  2 white imps
  An ufetubus (D:4)
  2 adder zombies (D:4)
  3 worms (D:3)
  A dart slug (D:3)
  40 orcs
  9 ball pythons
  7 endoplasms
  3 giant cockroaches
  2 gnoll zombies (Ossuary)
  9 goblins
  16 hobgoblins
  10 jackals
  44 kobolds
  3 quokkas
  3 bats (D:3)
  A hobgoblin zombie (Ossuary)
  3 kobold zombies (Ossuary)
  2 orc zombies (Ossuary)
  21 rats
  A rat zombie (D:6)
  A butterfly (D:7)
296 creatures vanquished.

Vanquished Creatures (others)
  A goblin (D:6)
  A plant (D:9)
2 creatures vanquished.

Grand Total: 298 creatures vanquished

Notes
Turn   | Place    | Note
-------+----------+-------------------------------------------
     0 | D:1      | Illumine the Vine Stalker Fighter began the quest for the
                  | Orb.
     0 | D:1      | Reached XP level 1. HP: 11/11 MP: 2/2
    84 | D:1      | Reached skill level 2 in Short Blades
   122 | D:1      | Reached XP level 2. HP: 11/16 MP: 3/3
   214 | D:1      | Reached skill level 1 in Stealth
   595 | D:2      | Identified the +6 dagger "Zuiroerri" {flame, Drain rN+
                  | Will+}
   690 | D:2      | Reached XP level 3. HP: 19/19 MP: 4/4
   934 | D:2      | Found a faded altar of an unknown god.
   989 | D:3      | Found Heekont's General Store.
  1001 | D:3      | Bought a scroll of identify for 22 gold pieces
  1001 | D:3      | Bought a potion of curing for 33 gold pieces
  1111 | D:3      | Found Kasuvvi's Antique Weapon Shoppe.
  1168 | D:3      | Gained mutation: Your natural rate of healing is unusually
                  | fast. [Vine Stalker growth]
  1168 | D:3      | Reached XP level 4. HP: 12/24 MP: 2/5
  1240 | D:3      | Found Ehylin's Armour Emporium.
  1296 | D:3      | Noticed Jessica
  1305 | D:3      | Killed Jessica
  1306 | D:3      | Reached skill level 3 in Short Blades
  1331 | D:3      | Found Dypa's Magic Scroll Emporium.
  1390 | D:3      | Found a white marble altar of Elyvilon.
  1400 | D:3      | Reached XP level 5. HP: 28/28 MP: 6/6
  1460 | D:3      | Bought a scroll of teleportation for 33 gold pieces
  1525 | D:3      | Found Caqostro's Book Shoppe.
  1882 | D:4      | Reached XP level 6. HP: 29/32 MP: 7/7
  1985 | D:4      | Reached skill level 4 in Short Blades
  2351 | D:4      | Reached XP level 7. HP: 37/37 MP: 8/8
  2361 | D:4      | Found a basalt altar of Yredelemnul.
  2394 | D:4      | Found an opulent altar of Gozag.
  2534 | D:4      | Found an ornate altar of the Wu Jian Council.
  2593 | D:4      | Became a worshipper of the Wu Jian Council
  2854 | D:5      | Entered Level 5 of the Dungeon
  3069 | D:5      | Reached skill level 5 in Short Blades
  3084 | D:5      | Found a glowing drain.
  3090 | D:5      | Reached skill level 1 in Dodging
  3119 | Sewer    | Entered a sewer
  3208 | Sewer    | Reached * piety under Wu Jian
  3216 | Sewer    | Gained mutation: You have razor-sharp teeth. [Vine Stalker
                  | growth]
  3216 | Sewer    | Reached XP level 8. HP: 42/42 MP: 9/9
  3340 | Sewer    | Reached ** piety under Wu Jian
  3410 | Sewer    | Reached skill level 5 in Stealth
  3818 | D:3      | Bought a crude dagger for 154 gold pieces
  3818 | D:3      | Identified the +7 dagger "Xom's Recklessness" {heavy, rC++
                  | Str+3} (You bought it in a shop on level 3 of the Dungeon)
  4001 | D:4      | Reached skill level 6 in Short Blades
  4269 | D:5      | Noticed Duvessa
  4272 | D:5      | Noticed Dowan
  4368 | D:5      | Killed Duvessa
  4369 | D:5      | Reached skill level 5 in Fighting
  4373 | D:5      | Killed Dowan
  4646 | D:5      | Found a sparkling altar of Nemelex Xobeh.
  4882 | D:6      | Found a shimmering altar of Xom.
  4905 | D:6      | Reached XP level 9. HP: 47/47 MP: 10/10
  4968 | D:6      | Reached skill level 7 in Short Blades
  4990 | D:6      | Found a sand-covered staircase.
  5008 | D:6      | Reached *** piety under Wu Jian
  5016 | Ossuary  | Entered an ossuary
  5341 | D:3      | Bought a scarf of repulsion for 168 gold pieces
  5439 | D:6      | Found a glowing golden altar of the Shining One.
  5450 | D:6      | Found a shimmering blue altar of Sif Muna.
  5514 | D:6      | Found an iron altar of Okawaru.
  5647 | D:6      | Found a burning altar of Makhleb.
  5786 | D:7      | Noticed a two-headed ogre
  5796 | D:7      | Killed a two-headed ogre
  5797 | D:7      | Reached skill level 8 in Short Blades
  5881 | D:7      | Noticed a two-headed ogre
  5882 | D:7      | Killed a two-headed ogre
  5883 | D:7      | Reached skill level 5 in Shields
  5883 | D:7      | Reached XP level 10. HP: 53/53 MP: 11/11
  5955 | D:7      | Reached **** piety under Wu Jian
  5992 | D:7      | Found a staircase to the Ecumenical Temple.
  6337 | D:8      | Noticed Joseph
  6350 | D:8      | Killed Joseph
  6351 | D:8      | Reached skill level 9 in Short Blades
  6351 | D:8      | Reached skill level 1 in Spellcasting
  6384 | D:8      | Noticed Erica
  6398 | D:8      | Killed Erica
  6653 | D:8      | Found a bloodstained altar of Trog.
  6777 | D:8      | Found a hazy altar of Hepliaklqana.
  7055 | D:9      | Noticed a kobold demonologist
  7067 | D:9      | Killed a kobold demonologist
  7079 | D:9      | Found a broken altar of Ashenzari.
  7254 | D:9      | Found a blossoming altar of Fedhas.
  7264 | D:9      | Found a staircase to the Lair.
  7271 | D:9      | Reached skill level 10 in Short Blades
  7438 | D:9      | Found a radiant altar of Vehumet.
  7923 | D:9      | Noticed a two-headed ogre
  7935 | D:9      | Killed a two-headed ogre
  7936 | D:9      | Reached XP level 11. HP: 27/58 MP: 19/19
  8017 | D:9      | Reached skill level 5 in Spellcasting
  8132 | D:9      | Reached ***** piety under Wu Jian
  8339 | D:10     | Entered Level 10 of the Dungeon
  8416 | D:10     | Found a hide-covered altar of Uskayaw.
  8459 | D:10     | Found a flagged portal.
  8482 | Bailey   | Entered a bailey
  8515 | Bailey   | Noticed an orc knight
  8566 | Bailey   | Identified the +9 arbalest of Courage {flame, *Corrode
                  | Int+3 Dex+2 Stlth+}
  8641 | Bailey   | Killed an orc knight
  8675 | Bailey   | Reached skill level 1 in Ranged Weapons
  8690 | Bailey   | Slain by an orc warrior

Illustrated notes

Levels and vault maps discovered:
D:1:      dpeg_arrival_renting, layout_rooms
D:2:      layout_basic, dreamdust_ecumenical_altar_statues
D:3:      layout_basic, mainiacjoe_overflow_brackets, serial_shops, shop,
          nicolae_lakefront_shop, nicolae_shop_waterfront, shop,
          nicolae_shop_window_shopping, minmay_fountain_box,
          chequers_serial_rivers_micro_e, uniq_jessica
D:4:      layout_loops_ring, nzn_wu_jian_council_hall,
          nicolae_yredelemnul_corpse_copse, grunt_gozag_breadcrumbs,
          minmay_misc_feat_room, nicolae_hexahallways, grunt_ministairs_3,
          minivault_14, minmay_vboxes
D:5:      layout_loops_corners, nemelex_dance_club_becter, portal_sewer_entry_c,
          corner_web_ring, uniq_duvessa
D:6:      layout_basic, dk_xom_monty_hall,
          mainiacjoe_overflow_concentric_impassable, grunt_temple_overflow_open,
          amcnicky_altar_gilded, enter_ossuary_3
D:7:      layout_gridville, minmay_temple_entry_butterflies
D:8:      layout_loops_cross, nicolae_overflow_crystal_walls,
          mainiacjoe_overflow_small_starburst, uniq_erica, uniq_joseph
D:9:      layout_roguey, ashenzari_altar_1, mainiacjoe_overflow_catch_the_wave,
          erik_lair_orcish_takeover, grunt_decor_junction
D:10:     minmay_tri_box, layout_basic, eat_drink_and_be_merry_uskayaw,
          enter_bailey_4, minmay_radiant
Bailey:   bailey_axe_4, bailey

Skill      XL: |  1  2  3  4  5  6  7  8  9 10 11 |
---------------+----------------------------------+-----
Short Blades   | 2 3 4 5 6 8 10 | 10.0
Stealth        | 1 2 3 4 6 |  6.0
Shields        | 3 4 5 7 |  7.3
Fighting       | 3 4 5 6 |  6.8
Dodging        | 1 2 4 |  4.2
Spellcasting   | 4 5 |  5.4
Ranged Weapons | 1 |  1.1
Armour         | 3 |  3.0

Action                     |  1- 3 |  4- 6 |  7- 9 | 10-12 || total
---------------------------+-------+-------+-------+-------++-------
  Melee: Rapier            |    32 |       |       |       ||    32
         Bite              |    15 |    33 |   107 |    76 ||   231
         Dagger            |    31 |   120 |   332 |   252 ||   735
   Fire: Arbalest          |       |       |       |     6 ||     6
  Throw: Dart              |       |       |       |     5 ||     5
         Boomerang         |       |       |       |    37 ||    37
Ability: Lunge             |       |       |    30 |    16 ||    46
         Whirlwind         |       |       |    16 |     7 ||    23
    Use: Scroll            |     2 |       |     5 |     6 ||    13
   Stab: Sleeping          |       |       |     8 |     6 ||    14
 Armour: Scale mail        |    19 |    32 |    87 |    36 ||   174
         Acid dragon scale |       |       |       |     9 ||     9
  Dodge: Dodged            |    21 |    48 |   106 |   128 ||   303
  Block: Buckler           |    11 |    24 |    48 |       ||    83
         Kite shield       |       |       |    12 |   108 ||   120

Table legend: (Time is in decaauts)
 A = Elapsed time spent in this place.
 B = Non-inter-level travel time spent in this place.
 C = Inter-level travel time spent in this place.
 D = Time resting spent in this place.
 E = Time spent auto-exploring this place.
 F = Levels seen in this place.
 G = Mean time per level.
                   A        B        C        D        E       F      G
               +--------+--------+--------+--------+--------+-----+--------+
         Total |   8676 |   8134 |    542 |    605 |   5418 |  13 |  667.4 |
       Dungeon |   7677 |   7135 |    542 |    576 |   4930 |  10 |  767.7 |
         Sewer |    531 |    531 |      0 |      0 |    370 |   1 |  531.0 |
       Ossuary |    245 |    245 |      0 |     15 |    109 |   1 |  245.0 |
        Bailey |    222 |    222 |      0 |     14 |      9 |   1 |  222.0 |
               +--------+--------+--------+--------+--------+-----+--------+

Top non-repeatable levels by time:
     D:9: 1310 daAuts
     D:5: 1263 daAuts
     D:4: 1261 daAuts
     D:3: 809 daAuts
     D:8: 726 daAuts
     D:6: 666 daAuts
     D:7: 559 daAuts
   Sewer: 531 daAuts
     D:1: 490 daAuts
     D:2: 487 daAuts
 Ossuary: 245 daAuts
  Bailey: 222 daAuts
    D:10: 103 daAuts
